 Dungeon Crawl Stone Soup version 0.30-a0-845-g7c6808c8ce (webtiles) character file.

Game seed: 10749160496714608454

136 Bnni the Stinger (level 5, 0/38 HPs)
             Began as a Formicid Venom Mage on Mar 3, 2023.
             Slain by a water moccasin (2 damage)
             ... in a sewer.
             The game lasted 00:05:48 (2919 turns).

Bnni the Stinger (Formicid Venom Mage)              Turns: 2919, Time: 00:05:49

Health: 0/38       AC:  2    Str: 13    XL:     5   Next: 43%
Magic:  1/9        EV: 12    Int: 16    God:
Gold:   140        SH:  0    Dex: 14    Spells: 3/10 levels left

rFire   . . .      SeeInvis +    c - +0 dagger (venom)
rCold   . . .      Faith    .    (no shield)
rNeg    . . .      Spirit   .    a - +0 robe
rPois   .          Reflect  .    (helmet unavailable)
rElec   .          Rampage  .    (no cloak)
rCorr   .                        (no gloves)
Will    .....                    (no boots)
Stlth   ++                       (no amulet)
HPRegen 0.26/turn                (no ring)
MPRegen 0.11/turn                (no ring)

@: lethally poisoned (0 -> -17), very slightly contaminated
A: permanent stasis, dig shafts and tunnels, antennae 3, four strong arms
a: Dig


You were in a sewer.
You visited 1 branch of the dungeon, and saw 3 of its levels.
You also visited: Sewer.

You collected 140 gold pieces.

Inventory:

Hand Weapons
 c - a +0 dagger of venom (weapon)
Armour
 a - a +0 robe (worn)
Scrolls
 d - a scroll of magic mapping
 h - 3 scrolls of teleportation {unknown}
 i - 2 scrolls of fog
 j - a scroll of fear {unknown}
Potions
 b - 3 potions of magic
 e - a potion of degeneration {unknown}
 f - a potion of ambrosia {unknown}
 g - 4 potions of mutation


   Skills:
 + Level 2.3 Fighting
 - Level 1.7 Dodging
 - Level 2.4 Stealth
 + Level 3.2 Spellcasting
 - Level 1.1 Transmutations
 * Level 6.0 Poison Magic


You had 3 spell levels left.
You knew the following spells:

 Your Spells              Type           Power      Damage    Failure   Level
a - Sting                 Tmut/Pois      56%        1d5       4%          1
b - Poisonous Vapours     Pois/Air       24%        N/A       8%          2
d - Olgreb's Toxic Radia  Pois           22%        N/A       16%         4

Your spell library contained the following spells:

 Spells                   Type           Power      Damage    Failure   Level
 Mephitic Cloud           Conj/Pois/Air  9%         N/A       24%         3
 Alistair's Intoxication  Tmut/Pois      9%         N/A       75%         5
 Borgnjor's Vile Clutch   Necr/Erth      1%         N/A       99%         5
 Eringya's Noxious Bog    Tmut/Pois      7%         N/A       100%        6


Dungeon Overview and Level Annotations

Branches:
Dungeon (3/15)              Sewer (1/1)

Altars:


Innate Abilities, Weirdness & Mutations

You cannot be hasted, slowed, berserked, paralysed or teleported.
You can dig through walls and to a lower floor.
You have a pair of large antennae on your head. (SInv)
Your four strong arms can wield two-handed weapons with a shield.


Message History

Press: ? - help, Q - select action, (/) - cycle Shift-Dir - straight line, f/p - water moccasin
Aim: a water moccasin (lightly wounded, poisoned, 53% to hit)
The sting misses the water moccasin.
You feel very sick. The water moccasin closely misses you.
Aiming: Sting (safe; 4% risk of failure)
Press: ? - help, Q - select action, (/) - cycle Shift-Dir - straight line, f/p - water moccasin
Aim: a water moccasin (lightly wounded, poisoned, 53% to hit)
The sting hits the water moccasin.
The water moccasin partially resists.
The water moccasin looks even sicker.
The water moccasin is lightly wounded.
You feel sick. The water moccasin barely misses you.
The water moccasin bites you!
Aiming: Sting (safe; 4% risk of failure)
Press: ? - help, Q - select action, (/) - cycle Shift-Dir - straight line, f/p - water moccasin
Aim: a water moccasin (lightly wounded, very poisoned, 53% to hit)
You miscast Sting.
You are very lightly contaminated with residual magic.
Nothing appears to happen.
You feel sick. The water moccasin closely misses you.
Aiming: Sting (safe; 4% risk of failure)
Press: ? - help, Q - select action, (/) - cycle Shift-Dir - straight line, f/p - water moccasin
Aim: a water moccasin (lightly wounded, very poisoned, 53% to hit)
The sting hits the water moccasin.
The water moccasin partially resists.
The water moccasin looks even sicker.
The water moccasin is moderately wounded.
You feel sick. The water moccasin bites you.
* * * LOW HITPOINT WARNING * * *
You are lethally poisoned!
The water moccasin poisons you!
Aiming: Sting (safe; 4% risk of failure)
Press: ? - help, Q - select action, (/) - cycle Shift-Dir - straight line, f/p - water moccasin
Aim: a water moccasin (moderately wounded, very poisoned, 53% to hit)
The sting hits the water moccasin.
The water moccasin looks as sick as possible!
The water moccasin is moderately wounded.
* * * LOW HITPOINT WARNING * * *
You feel very sick. The water moccasin bites you.
You die...

###### # ##......## #?
###..~ .~...###
#$.##.... #...~.###
###~~..~ #~..~.##
#.~~.~~## ##.~~.~.
#..S@.### ###.~.~.##
#[.##~...~####..~..###
###....~~~~..###
###......### ########


You could see a water moccasin (extremely poisoned).

Vanquished Creatures
  5 adders
  A river rat (D:3)
  A shadow imp (D:3)
  5 worms
  2 dart slugs
  An orc (D:3)
  3 bats
  4 endoplasms
  7 giant cockroaches
  5 goblins
  3 hobgoblins
  2 jackals (Sewer)
  5 kobolds
  3 quokkas (D:1)
  4 ball pythons
  2 frilled lizards
  2 rats (D:2)
55 creatures vanquished.

Notes
Turn   | Place    | Note
-------+----------+-------------------------------------------
     0 | D:1      | Bnni the Formicid Venom Mage began the quest for the Orb.
     0 | D:1      | Reached XP level 1. HP: 13/13 MP: 3/3
   156 | D:1      | Reached XP level 2. HP: 13/20 MP: 0/5
   164 | D:1      | Learned a level 2 spell: Poisonous Vapours
   356 | D:1      | Found a faded altar of an unknown god.
   457 | D:1      | Reached skill level 1 in Fighting
   668 | D:1      | Reached XP level 3. HP: 26/26 MP: 4/6
  1371 | D:2      | Reached skill level 5 in Poison Magic
  1592 | D:2      | Reached XP level 4. HP: 27/32 MP: 3/8
  1657 | D:2      | Learned a level 4 spell: Olgreb's Toxic Radiance
  2558 | D:3      | Reached XP level 5. HP: 36/38 MP: 4/9
  2717 | D:3      | Found a glowing drain.
  2728 | D:3      | Reached skill level 6 in Poison Magic
  2810 | Sewer    | Entered a sewer
  2909 | Sewer    | Noticed a water moccasin
  2919 | Sewer    | Slain by a water moccasin

Illustrated notes

Levels and vault maps discovered:
D:1:      sevenhm_arrival_forest_fort_large_2, layout_loops_cross,
          ebering_ecumenical_altar_abandoned
D:2:      minmay_skewed_foursquare, layout_basic
D:3:      layout_rooms, cheibrodos_sewer_entry_sluice
Sewer:    sewer_the_moccasin

Skill      XL: |  1  2  3  4  5 |
---------------+----------------+-----
Fighting       | 1 2 |  2.3
Poison Magic   | 5 6 |  6.0
Spellcasting   | 3 |  3.2
Dodging        | |  1.7
Stealth        | |  2.4
Transmutations | |  1.1

Action                     |  1- 3 |  4- 6 || total
---------------------------+-------+-------++-------
  Melee: Whip              |    39 |     8 ||    47
         Unarmed           |     4 |       ||     4
         Punch             |     2 |     2 ||     4
         Dagger            |       |    26 ||    26
   Cast: Sting             |    49 |    50 ||    99
         Olgreb's Toxic Ra |       |     2 ||     2
    Use: Scroll            |     3 |       ||     3
   Stab: Sleeping          |     1 |     1 ||     2
 Armour: Robe              |    11 |       ||    11
  Dodge: Dodged            |    45 |    44 ||    89

Table legend: (Time is in decaauts)
 A = Elapsed time spent in this place.
 B = Non-inter-level travel time spent in this place.
 C = Inter-level travel time spent in this place.
 D = Time resting spent in this place.
 E = Time spent auto-exploring this place.
 F = Levels seen in this place.
 G = Mean time per level.
                   A        B        C        D        E       F      G
               +--------+--------+--------+--------+--------+-----+--------+
         Total |   2928 |   2813 |    115 |    216 |   2179 |   4 |  732.0 |
       Dungeon |   2814 |   2699 |    115 |    216 |   2089 |   3 |  938.0 |
         Sewer |    113 |    113 |      0 |      0 |     90 |   1 |  113.0 |
               +--------+--------+--------+--------+--------+-----+--------+

Top non-repeatable levels by time:
     D:2: 1403 daAuts
     D:1: 1053 daAuts
     D:3: 357 daAuts
   Sewer: 113 daAuts
